 Dungeon Crawl Stone Soup version 0.18.1-8-gdd0e5ea (webtiles) character file.

203 zeroDi the Cutter (level 5, -10/26 HPs)
             Began as a Vine Stalker Assassin on May 22, 2016.
             Killed by divine providence
             ... invoked by an orc priest
              (14 damage)
             ... on level 4 of the Dungeon.
             The game lasted 00:05:33 (2853 turns).

zeroDi the Cutter (Vine Stalker Assassin)           Turns: 2853, Time: 00:05:34

Health: -10/26     AC:  7    Str: 14    XL:     5   Next: 81%
Magic:  0/6        EV: 10    Int: 11    God:
Gold:   164        SH:  3    Dex: 16    Spells: 0 memorised, 4 levels left

rFire  . . .     SeeInvis .     a - +2 dagger
rCold  . . .     Gourm    .     y - +2 leather armour {rN+}
rNeg   + . .     Faith    .     x - +0 buckler
rPois  .         Spirit   +     (no helmet)
rElec  .         Dismiss  .     d - +0 cloak
rCorr  .         Reflect  .     (no gloves)
SustAt .         Harm     .     k - +0 pair of boots
MR     .....                    (no amulet)
Stlth  ++........               (no ring)
                                (no ring)

@: heavily drained, not resistant to hostile enchantments, unstealthy
A: fangs 2, regeneration 1, magic shield, antimagic bite, no device heal 3, rot
immunity
a: no special abilities


You were on level 4 of the Dungeon.
You were very hungry.

You visited 1 branch of the dungeon, and saw 4 of its levels.

You collected 164 gold pieces.


Innate Abilities, Weirdness & Mutations

You have extremely sharp teeth.
Your natural rate of healing is unusually fast.
When hurt, damage is shared between your health and your magic reserves.
Your bite disrupts and absorbs the magic of your enemies.
Potions and wands cannot restore your health.
You are immune to rotting.


   Skills:
 - Level 1.7(0.3) Fighting
 + Level 5.3(3.7) Short Blades
 - Level 1.7(0.3) Throwing
 - Level 0.7(0.0) Dodging
 - Level 4.8(3.2) Stealth


You had 4 spell levels left.
You didn't know any spells.

Inventory:

Hand Weapons
 a - a +2 dagger (weapon)
 b - a +0 blowgun
Missiles
 e - 22 poisoned needles
 f - 2 curare-tipped needles {=f}
 w - 8 needles of paralysis
Armour
 c - a +0 robe
 d - a +0 cloak (worn)
 k - a +0 pair of boots (worn)
 x - a +0 buckler (worn)
 y - a +2 leather armour of positive energy (worn)
Jewellery
 l - an uncursed ring of stealth {unknown}
 A - an uncursed ring of stealth {unknown}
Wands
 t - a wand of flame (21/48)
Scrolls
 h - 2 scrolls of remove curse {unknown}
 m - 3 scrolls of teleportation {unknown}
 o - 3 scrolls of identify {unknown}
 p - a scroll of enchant armour {unknown}
 s - a scroll of blinking {unknown}
 v - a scroll of amnesia {unknown}
 B - 2 scrolls of magic mapping {unknown}
Potions
 i - a potion of agility {unknown}
 q - 2 potions of curing {unknown}
 r - a potion of heal wounds {unknown}
 u - a potion of magic {unknown}
 z - 2 potions of might {unknown}
Comestibles
 g - 2 bread rations
 j - 3 meat rations
 n - a slice of pizza
 C - a beef jerky

Dungeon Overview and Level Annotations

Branches:
Dungeon (4/15)
 Temple: D:4-7

Altars:
Dithmenos
Kikubaaqudgha

Annotations:
D:2 Sigmund

#.#.. #.... ...#
#..## #... #..#
#..########
#########..@.o.o.o#
.........)#######.#
#########(# #.# #.#
.o. #.# .....
#.####...$...
#.............
#.####........#
#.............#


You could see 2 orc priests and an orc.


Message History

You closely miss the adder. Your bite misses the adder.
The adder is almost dead.
You block the adder's attack.
You closely miss the adder. You bite the adder, but do no damage.
The adder is almost dead.
You block the adder's attack.
You hit the adder.
You kill the adder!
You hit the orc. You bite the orc, but do no damage.
The orc is almost dead.
The orc priest calls down the wrath of Beogh upon you.
Beogh smites you!
* * * LOW HITPOINT WARNING * * *
The orc priest mumbles some strange prayers to Beogh against you.
Beogh smites you!
* * * LOW HITPOINT WARNING * * *
The orc priest calls down the wrath of Beogh upon you.
Beogh smites you!
Ouch! That really hurt!
You die...

Action                   |  1- 3 |  4- 6 || total
-------------------------+-------+-------++-------
Melee: Dagger            |    86 |   104 ||   190
       Bite              |    19 |    26 ||    45
 Stab: Sleeping          |     9 |     6 ||    15
  Eat: Chunk             |       |     5 ||     5
Armor: Robe              |    24 |    15 ||    39
Dodge: Dodged            |    57 |    38 ||    95
Block: Buckler           |       |    12 ||    12

Vault maps used:
D:1:      onia_arrival_handbag, dk_noncrumbling_2
D:2:      kiku_gazebo_pond_becter, led_sif_pool, uniq_sigmund, uniq_jessica,
          uniq_robin
D:3:      first_bread, grunt_dithmenos_smoke
D:4:      temple_doors_b

Notes
Turn   | Place    | Note
--------------------------------------------------------------
     0 | D:1      | zeroDi the Vine Stalker Assassin began the quest for the Orb.
     0 | D:1      | Reached XP level 1. HP: 11/11 MP: 2/2
     6 | D:1      | Reached skill level 2 in Short Blades
    18 | D:1      | Reached XP level 2. HP: 15/15 MP: 3/3
   427 | D:1      | Reached skill level 3 in Short Blades
   460 | D:1      | Reached XP level 3. HP: 18/18 MP: 4/4
  1053 | D:2      | Noticed Sigmund
  1075 | D:2      | Found an ancient bone altar of Kikubaaqudgha.
  1173 | D:2      | Noticed Jessica
  1177 | D:2      | Killed Jessica
  1177 | D:2      | Reached XP level 4. HP: 17/23 MP: 5/5
  1592 | D:2      | Reached skill level 4 in Short Blades
  2061 | D:3      | Reached XP level 5. HP: 19/26 MP: 6/6
  2134 | D:3      | Found a shadowy altar of Dithmenos.
  2174 | D:3      | Noticed Yehuk's ghost (amateur VSEn)
  2215 | D:3      | Killed Yehuk's ghost
  2215 | D:3      | Reached skill level 5 in Short Blades
  2847 | D:4      | HP: 2/26 [orc priest/divine providence (6)]
  2853 | D:4      | Killed from afar by an orc priest

Vanquished Creatures
  The ghost of Yehuk the Sneak, an amateur VSEn (D:3)
  Jessica (D:2)
  3 gnolls (D:3)
  2 adders
  3 oozes
  3 worms (D:2)
  A giant gecko (D:2)
  A giant cockroach (D:1)
  7 goblins
  2 hobgoblins (D:1)
  A quokka (D:3)
  3 ball pythons
  7 bats
  7 kobolds
  11 rats
53 creatures vanquished.
